cohdb
Replays
Latest Replays
All Replays
Popular Replays
Top Player Replays
Match Explorer
How It Works
Community
CoH3 Stats
Reddit
Sign in to upload your games and track your stats! →
Sign in with Steam
Match 23804342
Unlisted
Match 23804342
Overview
Messages
Build Orders
End
Selects Luftwaffe Battlegroup
Selects Luftwaffe Pioneer Support
Fallschirmpioneer Squad Paradrop
Construct Infanterie Kompanie
MG 42 Machine Gun Team
Grenadier Squad
Construct Panzergrenadier Kompanie
Selects Stuka Strafing Run
Stuka Strafing Run
Panzergrenadier Squad
Pak 40 Anti-tank Gun Team
Support Elements
Selects Fallschirmjäger Squad Paradrop
Panzergrenadier Squad
StuG III G Assault Gun
Stuka Strafing Run
Pak 40 Anti-tank Gun Team
Selects Fragmentation Bombs
Fragmentation Bombs
StuG III G Assault Gun
Panzergrenadier Squad
Stuka Strafing Run
Pak 40 Anti-tank Gun Team
Fragmentation Bombs
MG 42 Machine Gun Team
StuG III G Assault Gun
StuG III G Assault Gun
Stuka Strafing Run
ktm_drinks_beer
wsbljl
Kirill von Bibow
Soviet☭
有摆子
Seiun Sky
荒喃
银魂
0
0
Comments
sign in to comment!
No comments posted yet!